 Dungeon Crawl Stone Soup version 0.30-a0-989-g0d87f670db (webtiles) character file.

Game seed: 10647968082388848390

39 DeathPants the Sneak (level 3, 0/30 HPs)
             Began as a Vine Stalker Delver on Apr 3, 2023.
             Succumbed to a kobold's poison
             ... on level 3 of the Dungeon.
             The game lasted 00:02:41 (585 turns).

DeathPants the Sneak (Vine Stalker Delver)           Turns: 585, Time: 00:02:41

Health: 0/30       AC: 21    Str: 14    XL:     3   Next: 47%
Magic:  3/4        EV:  2    Int: 10    God:
Gold:   25         SH:  0    Dex: 17    Spells: 2/2 levels left

rFire   . . .      SeeInvis .    a - +0 falchion
rCold   . . .      Faith    .    (no shield)
rNeg    . . .      Spirit   +    b - melded +0 leather armour
rPois   +          Reflect  .    (helmet currently unavailable)
rElec   .          Rampage  .    (cloak currently unavailable)
rCorr   .          NoTele   +    (gloves currently unavailable)
Will    .....                    h - melded +0 pair of boots
Stlth   +++                      (no amulet)
HPRegen 0.25/turn                (no ring)
MPRegen 0.09/turn                (no ring)

@: lethally poisoned (0 -> -1), tree-form
A: stationary, stasis, torment immunity, boosted hp, (fangs 2), magic shield,
(antimagic bite), no potion heal 2
a: no special abilities


You were on level 3 of the Dungeon.
You were a tree.
You visited 1 branch of the dungeon, and saw 5 of its levels.

You collected 25 gold pieces.

Inventory:

Hand Weapons
 a - a +0 falchion (weapon)
Armour
 b - a +0 leather armour (melded)
 h - a +0 pair of boots (melded)
Wands
 g - a wand of digging (3)
 i - a wand of mindburst (19)
 j - a wand of iceblast (9)
Scrolls
 c - a scroll of fog
 d - a scroll of magic mapping
 e - a scroll of fear
 k - 2 scrolls of immolation {unknown}
 l - a scroll of amnesia {unknown}
 n - a scroll of noise {unknown}
Potions
 f - a potion of haste
 m - a potion of lignification


   Skills:
 + Level 3.0 Fighting
 * Level 2.5 Long Blades
 + Level 2.0 Dodging
 + Level 6.3 Stealth


You had 2 spell levels left.
You didn't know any spells.
Your spell library was empty.

Dungeon Overview and Level Annotations

Branches:
Dungeon (7/15)
 Temple: D:4-7

Altars:
Uskayaw


Innate Abilities, Weirdness & Mutations

You are a tree.
Your roots penetrate the ground, keeping you stationary.
You cannot be teleported.
You are immune to unholy pain and torment.
Your maximum health is greatly increased.
Your equipment is partially melded.
((You have extremely sharp teeth.))
When hurt, damage is shared between your health and your magic reserves.
((Your bite disrupts and absorbs the magic of your enemies.))
Potions cannot restore your health.


Message History

You bite the ball python.
You kill the ball python!
You see here a ball python corpse.
You see here a ball python corpse.
You closely miss the kobold.
The kobold shouts!
Your bite misses the kobold.
The kobold hits you with a +2 dagger of venom.
You are poisoned.
You closely miss the kobold.
You feel sick.
The kobold hits you with a +2 dagger of venom.
You are lethally poisoned!
You hit the kobold.
The kobold is severely wounded.
You feel very sick. The kobold barely misses you.
You hit the kobold.
You kill the kobold!
You feel very sick.
* * * LOW HITPOINT WARNING * * *
You feel very sick.
Things that are here:
a +2 dagger of venom; 3 stones; a kobold corpse It was a potion of lignification.
You turn into a tree.
Your +0 pair of boots melds into your body.
Your +0 leather armour melds into your body.
Your roots penetrate the ground.
* * * LOW HITPOINT WARNING * * *
You feel sick.
* * * LOW HITPOINT WARNING * * *
You feel sick.
* * * LOW HITPOINT WARNING * * *
You feel sick.
* * * LOW HITPOINT WARNING * * *
You feel sick.
* * * LOW HITPOINT WARNING * * *
You feel sick.
* * * LOW HITPOINT WARNING * * *
You feel sick.
You die...

..†...##.##.#####.###
.....†#..# .#.[.....#
.._..†...# ........#
....†.#..####........
...†..#.............#
......#..####....#..##
##.####.........###..#
#.......##.##.<..#†.##
#.##.##.##.#)...♣.††.#
#. # ..##.#......#...#
##.##.#.....###.....#
.. ..#...>## #._.## ..
###..... ....# ##
######. .#...# ..
###... #..


There were no monsters in sight!

Vanquished Creatures
  2 adders (D:3)
  5 orcs
  4 ball pythons (D:3)
  An endoplasm (D:3)
  A goblin (D:4)
  A quokka (D:3)
  2 kobolds (D:3)
  A rat (D:3)
17 creatures vanquished.

Vanquished Creatures (others)
  2 fungi (D:5)
  5 toadstools (D:5)
7 creatures vanquished.

Grand Total: 24 creatures vanquished

Notes
Turn   | Place    | Note
-------+----------+-------------------------------------------
     0 | D:5      | DeathPants the Vine Stalker Delver began the quest for the
                  | Orb.
     0 | D:5      | Reached XP level 1. HP: 11/11 MP: 2/2
    37 | D:6      | Noticed an ice beast
   115 | D:6      | Noticed a jelly
   210 | D:5      | Noticed a water moccasin
   233 | D:4      | Noticed an iguana
   331 | D:3      | Reached XP level 2. HP: 9/16 MP: 3/3
   465 | D:3      | Found a hide-covered altar of Uskayaw.
   481 | D:3      | Reached XP level 3. HP: 16/19 MP: 4/4
   553 | D:3      | Found a faded altar of an unknown god.
   584 | D:3      | HP: 1/30 [poisoned by a kobold]
   585 | D:3      | Succumbed to a kobold's poison

Illustrated notes

Levels and vault maps discovered:
D:3:      layout_loops_cross, nicolae_uskayaw_murder_on_the_dancefloor,
          nicolae_ecumenical_snake_handling, uniq_robin
D:4:      gammafunk_wand_slinger, layout_basic, st_stairs_12,
          kennysheep_minor_cross
D:5:      layout_loops_corners, minmay_temple_entry_hall,
          minmay_gold_behind_fungi, minmay_stone_trees_medium,
          hangedman_glass_teeth, hangedman_abyss_or_decor_lesser_grid,
          sigmund_edmund_badplayer, uniq_eustachio
D:6:      layout_basic, gammafunk_ghost_hive
D:7:      layout_cave_pools, serial_shops, kennysheep_little_box, serial_park,
          serial_park_square1 [serial_park_minivault_5x5_2],
          serial_park_square2, serial_park_square1
          [serial_park_minivault_5x5_7], uniq_prince_ribbit1

Skill      XL: |  1  2  3 |
---------------+----------+-----
Long Blades    | 2 |  2.5
Fighting       | 3 |  3.0
Dodging        | 2 |  2.0
Stealth        | |  6.3

Action                     || total
---------------------------++-------
  Melee: Falchion          ||    54
         Bite              ||    12
         Punch             ||     1
    Use: Potion            ||     1
   Stab: Sleeping          ||     2
 Armour: Leather armour    ||    13
  Dodge: Dodged            ||    38

Table legend: (Time is in decaauts)
 A = Elapsed time spent in this place.
 B = Non-inter-level travel time spent in this place.
 C = Inter-level travel time spent in this place.
 D = Time resting spent in this place.
 E = Time spent auto-exploring this place.
 F = Levels seen in this place.
 G = Mean time per level.
                   A        B        C        D        E       F      G
               +--------+--------+--------+--------+--------+-----+--------+
         Total |    595 |    595 |      0 |      0 |    205 |   5 |  119.0 |
       Dungeon |    595 |    595 |      0 |      0 |    205 |   5 |  119.0 |
               +--------+--------+--------+--------+--------+-----+--------+

Top non-repeatable levels by time:
     D:3: 349 daAuts
     D:6: 169 daAuts
     D:5: 45 daAuts
     D:4: 29 daAuts
     D:7: 1 daAuts
